 Dungeon Crawl Stone Soup version 0.24-a0-520-g8fd06ad0bc (webtiles) character file.

Game seed: 1931561603585838234

649 Gargoyl the Agent of Entropy (level 7, -5/58 HPs)
             Began as a Centaur Abyssal Knight on July 24, 2019.
             Was a Priest of Lugonu.
             Slain by a hornet (10 damage)
             ... on level 7 of the Dungeon.
             The game lasted 00:06:56 (5951 turns).

Gargoyl the Agent of Entropy (CeAK)                 Turns: 5951, Time: 00:06:57

Health: -5/58      AC:  9    Str: 15    XL:     7   Next: 28%
Magic:  5/9        EV:  2    Int: 11    God:    Lugonu [***...]
Gold:   400        SH: 11    Dex: 10    Spells: 6/6 levels left

rFire    . . .     SeeInvis .   a - +2 hand axe
rCold    . . .     Gourm    .   e - +0 shield
rNeg     . . .     Faith    .   d - +0 chain mail
rPois    .         Spirit   .   (no helmet)
rElec    .         Reflect  +   (no cloak)
rCorr    .         Harm     .   b - +0 pair of gloves
MR       .....                  (no barding)
Stlth    ..........             m - +3 amulet of reflection
HPRegen  0.19/turn              (no ring)
MPRegen  0.11/turn              (no ring)

@: slowed
A: large, hooves 3, deformed body, speed 2, tough skin 3
a: Depart the Abyss, Bend Space, Banish, Renounce Religion


You were on level 7 of the Dungeon.
You worshipped Lugonu.
Lugonu was most pleased with you.
You were not hungry.

You visited 1 branch of the dungeon, and saw 7 of its levels.
You visited the Abyss 1 time.

You collected 400 gold pieces.

Inventory:

Hand Weapons
 a - a +2 hand axe (weapon)
Missiles
 j - 13 boomerangs (quivered)
Armour
 b - a +0 pair of gloves (worn)
 d - a +0 chain mail (worn)
 e - a +0 shield (worn)
Jewellery
 m - a +3 amulet of reflection (around neck)
Scrolls
 f - 6 scrolls of remove curse
 g - a scroll of magic mapping
 h - 7 scrolls of teleportation
 l - 4 scrolls of identify
Potions
 i - 2 potions of cancellation {unknown}
 k - a potion of resistance
 n - a potion of might {unknown}
 o - a potion of haste {unknown}
 p - 2 potions of invisibility
 q - a potion of brilliance
 r - a potion of magic {unknown}
 s - a potion of curing {unknown}
Comestibles
 c - 10 rations


   Skills:
 + Level 3.6 Fighting
 + Level 3.4 Axes
 * Level 3.2 Armour
 + Level 1.3 Dodging
 * Level 3.0 Shields
 * Level 3.8 Invocations


You had 6 spell levels left.
You didn't know any spells.
Your spell library contained the following spells:

 Spells                   Type           Power        Failure   Level  Hunger
 Magic Dart               Conj           #...         100%        1    ##.....
 Blink                    Tloc           N/A          100%        2    ###....
 Call Imp                 Summ           #.......     100%        2    ###....
 Slow                     Hex            #.......     100%        2    ###....
 Conjure Flame            Conj/Fire      #.......     100%        3    ####...
 Mephitic Cloud           Conj/Pois/Air  #.......     100%        3    ####...


Dungeon Overview and Level Annotations

Branches:
Dungeon (7/15)             Temple (0/1) D:5

Altars:
Cheibriados
Makhleb
Sif Muna
Trog
Uskayaw
The Shining One


Innate Abilities, Weirdness & Mutations

You have hooves in place of feet.
Armour fits poorly on your strangely shaped body.
You cover ground very quickly.
You have extremely tough skin. (AC +3)


Message History

You block the bullfrog's attack. x2
You slash the bullfrog!
You kill the bullfrog!
Lugonu accepts your kill.
Your Shields skill increases to level 3!
The hornet stings you but does no damage.
You hit the hornet.
The hornet is lightly wounded.
You block the hornet's attack. The hornet stings you!
You suddenly lose the ability to move!
The hornet stings you!
You feel yourself slow down. The hornet stings you!
* * * LOW HITPOINT WARNING * * *
You feel as though you will be slow longer.
The hornet stings you but does no damage.
You can move again.
Press: ? - help, Shift-Dir - straight line, f - hornet
Aim: a hornet (lightly wounded, chance to defeat MR: 76%)
The hornet barely resists.
You feel somewhat more hungry. The hornet stings you!
You die...

#.# #.# #.# ...
#.# #.# #.# >#
#@# .# #y# .# #
#l######.#
####.##..!.....#
#......%.......#
#.##.#†#.##.#.##
#.$###......####
#.# #..........#
#. #.....)..##.#


You could see a hornet and a leopard gecko.

Vanquished Creatures
  A centaur (D:6)
  2 bullfrogs
  A howler monkey (D:4)
  A crimson imp (D:7)
  A jelly (D:4)
  A hound (D:4)
  A bullfrog skeleton (D:6)
  3 worker ants
  A hound zombie (D:6)
  3 gnolls (D:3)
  5 adders
  A shadow imp (D:4)
  2 oozes
  A dart slug (D:1)
  3 leopard geckos
  13 orcs
  3 ball pythons
  4 giant cockroaches
  5 goblins
  8 hobgoblins
  9 jackals
  2 quokkas
  11 bats
  6 frilled lizards
  4 kobolds
  A leopard gecko skeleton (D:5)
  A quokka skeleton (D:6)
  9 rats
103 creatures vanquished.

Vanquished Creatures (others)
  A kobold (D:3)
1 creature vanquished.

Grand Total: 104 creatures vanquished

Notes
Turn   | Place    | Note
-------+----------+-------------------------------------------
     0 | Abyss:1  | Gargoyl the Centaur Abyssal Knight began the quest for the
                  | Orb.
     0 | Abyss:1  | Reached XP level 1. HP: 19/19 MP: 2/2
   199 | Abyss:1  | Noticed a smoke demon
   199 | Abyss:1  | Noticed an ancient zyme
   200 | D:1      | Escaped the Abyss
   215 | D:1      | Reached * piety under Lugonu
   510 | D:1      | Reached XP level 2. HP: 22/26 MP: 3/3
  1370 | D:2      | Reached XP level 3. HP: 28/31 MP: 4/4
  1463 | D:2      | Found a faded altar of an unknown god.
  2180 | D:3      | Reached skill level 1 in Dodging
  2233 | D:3      | Reached XP level 4. HP: 34/38 MP: 5/5
  2259 | D:3      | Reached ** piety under Lugonu
  2560 | D:3      | Found a burning altar of Makhleb.
  2598 | D:3      | Reached skill level 1 in Shields
  3235 | D:3      | Found a hide-covered altar of Uskayaw.
  3235 | D:3      | Found a deep blue altar of Sif Muna.
  3238 | D:3      | Found a glowing golden altar of the Shining One.
  3241 | D:3      | Found a snail-covered altar of Cheibriados.
  3414 | D:4      | Reached XP level 5. HP: 44/45 MP: 7/7
  4402 | D:5      | Entered Level 5 of the Dungeon
  4648 | D:5      | Reached XP level 6. HP: 46/51 MP: 8/8
  4795 | D:5      | Found a staircase to the Ecumenical Temple.
  4834 | D:5      | Found a bloodstained altar of Trog.
  5104 | D:6      | Reached *** piety under Lugonu
  5328 | D:6      | Reached XP level 7. HP: 50/57 MP: 9/9
  5937 | D:7      | Noticed a hornet
  5948 | D:7      | Paralysed by a hornet for 3 turns
  5951 | D:7      | Slain by a hornet

Levels and vault maps discovered:
D:1:      wander_arrival_lonely_grave, layout_loops_cross
D:2:      layout_loops_cross, chequers_ecumenical_altar_island
D:3:      layout_loops_ring, minitemple, lemuel_crystal_altar,
          minmay_misc_feat_rugged, minmay_joined_circles
D:4:      layout_basic, first_ration
D:5:      layout_basic, lemuel_doored_altar, minmay_temple_entry_stoned_glass
D:6:      layout_loops_corners
D:7:      layout_loops_ring, lemuel_zombie_altar_yredelemnul, marbit_many_paths,
          serial_shops, shop

Skill      XL: |  1  2  3  4  5  6  7 |
---------------+----------------------+-----
Axes           | 2 3 |  3.4
Dodging        | 1 |  1.3
Armour         | 2 3 |  3.2
Shields        | 1 2 3 |  3.0
Invocations    | 3 |  3.8
Fighting       | |  3.6

Action                   |  1- 3 |  4- 6 |  7- 9 || total
-------------------------+-------+-------+-------++-------
Melee: Hand axe          |   110 |   200 |    19 ||   329
       Kick              |    12 |    50 |     5 ||    67
Invok: Depart the Abyss  |     1 |       |       ||     1
       Banish            |       |       |     1 ||     1
  Use: Potion            |     1 |       |       ||     1
       Scroll            |     3 |     7 |       ||    10
  Eat: Chunk             |     2 |     8 |       ||    10
       Ration            |       |       |     1 ||     1
Armor: Leather armour    |    19 |       |       ||    19
       Ring mail         |    47 |     6 |       ||    53
       Chain mail        |       |    82 |    16 ||    98
Dodge: Dodged            |    33 |    24 |     1 ||    58
Block: Shield            |    51 |   108 |    18 ||   177
       Reflection        |       |     1 |       ||     1

Table legend:
 A = Non-vault XP
 B = Vault XP
 C = Vault XP percentage of total XP
 D = Non-vault monster count
 E = Vault monster count
 F = Vault count percentage of total count
                 A         B        C        D         E       F
            +---------+---------+-------+---------+---------+-------
      Total |     906 |      22 |   2.4 |      89 |      15 |  14.4
            +---------+---------+-------+---------+---------+-------
        D:1 |      30 |       0 |   0.0 |      16 |       0 |   0.0
        D:2 |      27 |       0 |   0.0 |      10 |       0 |   0.0
        D:3 |     109 |      22 |  16.8 |      26 |      15 |  36.6
        D:4 |     180 |       0 |   0.0 |      12 |       0 |   0.0
        D:5 |      75 |       0 |   0.0 |       5 |       0 |   0.0
        D:6 |     339 |       0 |   0.0 |      15 |       0 |   0.0
        D:7 |     146 |       0 |   0.0 |       5 |       0 |   0.0
            +---------+---------+-------+---------+---------+-------
